[Event "Titled Tuesday Blitz August 22 Late 2023"]
[White "laidfrq"]
[Black "Veiga, Jose Francisco R P Neves"]
[BlackFideId "1930087"]
[WhiteElo "2387"]
[BlackElo "2598"]
[Result "1-0"]
[Round "2"]
[TimeControl "180+1"]
[Date "2023.08.22"]
[WhiteClock "0:00:20"]
[BlackClock "0:00:51"]
[Board "141"]

1. e4 Nc6 2. Nf3 d6 3. d4 Nf6 4. Bd3 g6 5. c3 Bg7 6. O-O O-O 7. h3 e5 8. Re1 Re8 9. d5 Nb8 10. Nbd2 c6 11. c4 Nh5 12. Nb3 c5 13. Bg5 Bf6 14. Be3 Nd7 15. Qd2 Qe7 16. Nc1 Nf4 17. Ne2 g5 18. Ng3 Nf8 19. Rab1 N8g6 20. b4 b6 21. bxc5 bxc5 22. Bc2 h5 23. Ba4 Rf8 24. Bc6 Ba6 25. Bxa8 Rxa8 26. Nf5 Qc7 27. Bxf4 exf4 28. Qe2 Re8 29. Nh2 g4 30. hxg4 Ne5 31. g5 Bxc4 32. Qxh5 Bh8 33. Nh6+ Kf8 34. N2g4 Nxg4 35. Nxg4 Bg7 36. Qh7 Qe7 37. Nh6 Qxg5 38. Qg8+ Ke7 39. Qxf7+ Kd8 40. Rb8# 1-0


[Site "https://www.chess.com"]

[Event "Titled Tuesday Blitz August 22 Late 2023"]
[White "Aevengho"]
[Black "Polaczek, Richard"]
[BlackFideId "200026"]
[WhiteElo "2588"]
[BlackElo "2385"]
[Result "0-1"]
[Round "2"]
[TimeControl "180+1"]
[Date "2023.08.22"]
[WhiteClock "0:00:04"]
[BlackClock "0:00:37"]
[Board "142"]

1. e4 Nf6 2. e5 Nd5 3. d4 d6 4. Bc4 Nb6 5. Bb3 Bf5 6. Qf3 Qc8 7. Ne2 e6 8. Ng3 Bg6 9. h4 h6 10. a4 a5 11. h5 Bh7 12. Nc3 Nc6 13. Qf4 Nb4 14. Nce4 N6d5 15. Qf3 Be7 16. c3 Nc6 17. exd6 cxd6 18. O-O O-O 19. Re1 Nf6 20. Nxf6+ Bxf6 21. Bxh6 Qd8 22. Bf4 e5 23. dxe5 dxe5 24. Rad1 Qb6 25. Be3 Qxb3 26. h6 Qe6 27. hxg7 Bxg7 28. Nh5 f5 29. Nxg7 Kxg7 30. Bb6 f4 31. Bc7 Rae8 32. Rd6 Qf5 33. Qd5 Rf7 34. f3 Qg5 35. Rd7 Ree7 36. Rxe7 Rxe7 37. b4 axb4 38. cxb4 Bg6 39. b5 Bf7 40. Qc5 Nd4 41. Bxe5+ Rxe5 42. Qxe5+ Qxe5 43. Rxe5 Kf6 44. Rc5 Nb3 45. Rc7 Bd5 46. Kf2 Ke6 47. g3 Kd6 48. Rg7 fxg3+ 49. Kxg3 Nd4 50. f4 Nf5+ 0-1


[Site "https://www.chess.com"]

[Event "Titled Tuesday Blitz August 22 Late 2023"]
[White "Ribeiro, Matheus Mendes Domingues"]
[Black "Delorme, Axel"]
[WhiteFideId "324226923"]
[BlackFideId "632023"]
[WhiteElo "2587"]
[BlackElo "2378"]
[Result "1-0"]
[Round "2"]
[TimeControl "180+1"]
[Date "2023.08.22"]
[WhiteClock "0:00:46"]
[BlackClock "0:01:50"]
[Board "143"]

1. c4 c5 2. Nf3 Nf6 3. Nc3 Nc6 4. e3 d5 5. cxd5 Nxd5 6. Bb5 Nxc3 7. bxc3 Bd7 8. O-O g6 9. d4 cxd4 10. cxd4 Bg7 11. Bb2 O-O 12. Qd2 Ne5 13. Be2 Nxf3+ 14. Bxf3 Bc6 15. Bxc6 bxc6 16. Rfc1 Qd7 17. Qc3 Rac8 18. Ba3 Rfd8 19. Bc5 e5 20. Rd1 exd4 21. exd4 Qd5 22. h3 Rb8 23. Bxa7 Ra8 24. Bc5 Rxa2 25. Rxa2 Qxa2 26. Re1 Qd5 27. Re3 h5 28. Qd3 Bxd4 29. Bxd4 Qxd4 30. Re8+ Kg7 31. Rxd8 1-0


[Site "https://www.chess.com"]

[Event "Titled Tuesday Blitz August 22 Late 2023"]
[White "Bogaudinov, Rushan"]
[Black "Ozates, Tuna"]
[WhiteFideId "4129288"]
[BlackFideId "6354521"]
[WhiteElo "2375"]
[BlackElo "2586"]
[Result "0-1"]
[Round "2"]
[TimeControl "180+1"]
[Date "2023.08.22"]
[WhiteClock "0:00:03"]
[BlackClock "0:02:02"]
[Board "144"]

1. d4 d5 2. e3 Nf6 3. c4 e6 4. Nf3 a6 5. cxd5 exd5 6. Nc3 Bd6 7. Be2 O-O 8. O-O h6 9. a3 c6 10. b4 Re8 11. Bb2 Ne4 12. Nxe4 dxe4 13. Ne5 Nd7 14. Nxd7 Bxd7 15. Bc4 Qh4 16. g3 Qh3 17. Re1 Bg4 18. Be2 f5 19. Qb3+ Kh8 20. Bf1 Qh5 21. d5 cxd5 22. Qxd5 Rad8 23. Qxb7 Re7 24. Qxa6 Bf3 25. Rec1 Bxg3 26. fxg3 Rd2 27. h3 Qg5 28. Qc8+ Kh7 29. Qxf5+ Qxf5 30. g4 Qg5 31. Bd4 Bxg4 32. Rc5 Bf5+ 33. Kh1 Qg3 34. Be5 Rh2# 0-1


[Site "https://www.chess.com"]

[Event "Titled Tuesday Blitz August 22 Late 2023"]
[White "Guerra Tulcan, Lenin"]
[Black "Fernandez, Maria Florencia"]
[WhiteFideId "3601382"]
[BlackFideId "116459"]
[WhiteElo "2560"]
[BlackElo "2373"]
[Result "1-0"]
[Round "2"]
[TimeControl "180+1"]
[Date "2023.08.22"]
[WhiteClock "0:00:10"]
[BlackClock "0:00:04"]
[Board "145"]

1. e4 c5 2. Nf3 d6 3. b4 cxb4 4. a3 b3 5. cxb3 Nf6 6. Nc3 g6 7. d4 Bg7 8. Bd3 O-O 9. O-O Nc6 10. Bb2 Bg4 11. Be2 Nh5 12. h3 Bd7 13. Qd2 Na5 14. Bd1 Rc8 15. Rc1 Be6 16. d5 Bd7 17. Ne2 Rxc1 18. Qxc1 Qb6 19. Bxg7 Nxg7 20. b4 Rc8 21. bxa5 Qxa5 22. Qb2 b5 23. Ned4 Qb6 24. Be2 Rc5 25. Rc1 a6 26. Nb3 Rxc1+ 27. Qxc1 Nh5 28. Nfd4 Nf6 29. Bd3 a5 30. Nc6 a4 31. Nbd4 Kf8 32. Qc3 e5 33. dxe6 fxe6 34. Nxe6+ Kf7 35. Ned4 Qc5 36. Qxc5 dxc5 37. Ne5+ Ke7 38. Nxd7 Kxd7 39. Nxb5 Kc6 40. Nc3 Ne8 41. e5 Nc7 42. Bc4 Kd7 43. f4 Ke7 44. g4 Na8 45. f5 gxf5 46. gxf5 Kf8 47. e6 Nb6 48. Bb5 Ke7 49. Ne4 c4 50. Nc3 Kf6 51. Nxa4 Nd5 52. Bxc4 Ne3 53. Bd3 Ke7 54. Nc5 Nd5 55. a4 Nf4 56. a5 Kd6 57. a6 Kxc5 58. e7 Nxd3 59. e8=Q Nb4 60. Qe7+ Kc4 61. Qxb4+ Kxb4 62. a7 1-0


[Site "https://www.chess.com"]

[Event "Titled Tuesday Blitz August 22 Late 2023"]
[White "Gaboyan, Susanna"]
[Black "Boor, Carl"]
[WhiteFideId "13303627"]
[BlackFideId "2017008"]
[WhiteElo "2372"]
[BlackElo "2555"]
[Result "0-1"]
[Round "2"]
[TimeControl "180+1"]
[Date "2023.08.22"]
[WhiteClock "0:00:00"]
[BlackClock "0:01:03"]
[Board "146"]

1. Nf3 h5 2. d4 a5 3. c4 e6 4. Nc3 Bb4 5. Qc2 d6 6. e4 Nd7 7. Bd3 e5 8. O-O Bxc3 9. Qxc3 Qe7 10. Bg5 f6 11. Be3 g5 12. Nd2 Nh6 13. f3 c5 14. dxc5 Nxc5 15. Bc2 Be6 16. b4 axb4 17. Qxb4 O-O 18. a4 b6 19. Qxb6 Rfb8 20. Qc6 Ra6 21. Qb5 Rxb5 22. cxb5 Ra5 23. Rfb1 Nf7 24. Bxc5 dxc5 25. b6 Nd8 26. Nb3 Ra8 27. a5 c4 28. Nd2 Qc5+ 29. Kh1 Rxa5 30. Rxa5 Qxa5 0-1


[Site "https://www.chess.com"]

[Event "Titled Tuesday Blitz August 22 Late 2023"]
[White "Auger_Pi"]
[Black "Merino Garcia, Rafael II"]
[BlackFideId "2209128"]
[WhiteElo "2554"]
[BlackElo "2372"]
[Result "1-0"]
[Round "2"]
[TimeControl "180+1"]
[Date "2023.08.22"]
[WhiteClock "0:02:04"]
[BlackClock "0:00:55"]
[Board "147"]

1. e4 d6 2. d4 Nd7 3. g3 g6 4. Bg2 Bg7 5. Ne2 e6 6. O-O Ne7 7. c4 O-O 8. Nbc3 h6 9. f4 f5 10. e5 dxe5 11. dxe5 Nc6 12. Be3 Qe7 13. a3 a5 14. Nb5 Nc5 15. Nxc7 Qxc7 16. Bxc5 Rd8 17. Bd6 Qb6+ 18. Kh1 a4 19. Qc2 Na5 20. c5 Qa6 21. Nd4 Bd7 22. Rfd1 Nc4 23. Bf1 Ne3 24. Bxa6 Nxc2 25. Bxb7 Nxa1 26. Bxa8 Rxa8 27. Rxa1 Rc8 28. Rc1 Bf8 29. c6 Be8 30. Kg1 g5 31. c7 1-0


[Site "https://www.chess.com"]

[Event "Titled Tuesday Blitz August 22 Late 2023"]
[White "Cmorales2001"]
[Black "matenitian"]
[WhiteElo "2371"]
[BlackElo "2544"]
[Result "1-0"]
[Round "2"]
[TimeControl "180+1"]
[Date "2023.08.22"]
[WhiteClock "0:00:05"]
[BlackClock "0:00:10"]
[Board "148"]

1. e4 e5 2. Nf3 Nc6 3. Bc4 Nf6 4. d3 h6 5. c3 d6 6. O-O g5 7. Re1 Bg7 8. Nbd2 g4 9. Nh4 Nxe4 10. dxe4 Qxh4 11. Nf1 O-O 12. Ng3 Be6 13. Nf5 Bxf5 14. exf5 h5 15. Bd5 Qf6 16. h3 Qxf5 17. hxg4 hxg4 18. Re4 Ne7 19. Rxg4 Nxd5 20. Bh6 Kh7 21. Bxg7 Rg8 22. Rh4+ Kxg7 23. Qxd5 Kf6 24. Re1 Rg5 25. Re3 Qg6 26. Rf3+ Kg7 27. Rg3 Rxg3 28. fxg3 Qxg3 29. Rh3 Qe1+ 30. Kh2 Rh8 31. Qxb7 Rxh3+ 32. Kxh3 Qe3+ 33. Kh2 Qf4+ 34. Kg1 e4 35. Qxc7 e3 36. Qe7 Qf2+ 37. Kh2 Qf4+ 38. Kg1 Kg6 39. Qe8 Qf2+ 40. Kh2 e2 41. Qg8+ Kf6 42. Qd8+ Ke6 43. Qe8+ Kf6 44. Qd8+ Ke5 45. Qe8+ Kd5 46. Qb5+ Ke4 47. Qc4+ Ke3 48. Qd4# 1-0


[Site "https://www.chess.com"]

[Event "Titled Tuesday Blitz August 22 Late 2023"]
[White "ArtemDyachuk"]
[Black "Ovezdurdyyeva, Jemal"]
[BlackFideId "14001888"]
[WhiteElo "2535"]
[BlackElo "2370"]
[Result "0-1"]
[Round "2"]
[TimeControl "180+1"]
[Date "2023.08.22"]
[WhiteClock "0:00:00"]
[BlackClock "0:00:12"]
[Board "149"]

1. e4 d6 2. d4 Nf6 3. Nc3 g6 4. Be3 c6 5. Nf3 b5 6. a3 Bg7 7. Qd2 h5 8. O-O-O a5 9. b3 b4 10. axb4 axb4 11. Na4 Nxe4 12. Qxb4 O-O 13. Bd3 Nf6 14. Qd2 Bd7 15. Bh6 c5 16. Bxg7 Kxg7 17. Nc3 Qa5 18. Qe1 Qa3+ 19. Kd2 Qb4 20. dxc5 Rc8 21. Ke2 Qxc5 22. Nb1 Bc6 23. Nbd2 e5 24. Kf1 e4 25. Nxe4 Nxe4 26. Bxe4 Re8 27. Rd4 d5 28. b4 Qb5+ 29. c4 dxc4 30. Qc3 Kh7 31. h4 Bxe4 32. Ng5+ Kg8 33. Nxe4 Nd7 34. g3 Rac8 35. Kg2 Re6 36. Re1 Rce8 37. Re3 Nb6 38. Nd6 Rxe3 39. fxe3 Qc6+ 40. Kh2 Rd8 41. Ne4 Nd5 42. Qc2 Nxe3 43. Rxd8+ Kh7 44. Ng5+ Kh6 45. Qf2 Ng4+ 46. Kg1 Nxf2 47. Rh8+ Kg7 48. Rh7+ Kf6 49. Rxf7+ Ke5 50. Rxf2 c3 51. Rc2 Qb6+ 52. Kf1 Qxb4 53. Ke2 Kf5 54. Nf3 Kg4 55. Kf2 Qe4 56. Nh2+ Kh3 0-1


[Site "https://www.chess.com"]

[Event "Titled Tuesday Blitz August 22 Late 2023"]
[White "Jakubowska, Anna"]
[Black "Gallo Garcia, Kemel Antonio"]
[WhiteFideId "1121952"]
[BlackFideId "3523896"]
[WhiteElo "2367"]
[BlackElo "2528"]
[Result "0-1"]
[Round "2"]
[TimeControl "180+1"]
[Date "2023.08.22"]
[WhiteClock "0:01:56"]
[BlackClock "0:01:55"]
[Board "150"]

1. e4 c5 2. Nf3 Nc6 3. d4 cxd4 4. Nxd4 e5 5. Nb5 d6 6. c4 g6 7. N1c3 a6 8. Na3 Bg7 9. Nc2 Nf6 10. Be2 O-O 11. O-O Be6 12. Bg5 h6 13. Bh4 Rc8 14. b3 g5 15. Bg3 Nd4 16. Nxd4 exd4 17. Qxd4 Nd5 18. Qd3 Nxc3 19. Bh5 b5 20. Bxd6 bxc4 21. Qg3 Nxe4 0-1


[Site "https://www.chess.com"]

[Event "Titled Tuesday Blitz August 22 Late 2023"]
[White "Graif, William"]
[Black "Baghdasaryan, Vahe"]
[WhiteFideId "2609835"]
[BlackFideId "13303139"]
[WhiteElo "2528"]
[BlackElo "2365"]
[Result "0-1"]
[Round "2"]
[TimeControl "180+1"]
[Date "2023.08.22"]
[WhiteClock "0:00:00"]
[BlackClock "0:00:29"]
[Board "151"]

1. e4 e5 2. Nf3 Nc6 3. d4 exd4 4. c3 dxc3 5. Bc4 Nf6 6. O-O d6 7. Qb3 Na5 8. Bxf7+ Ke7 9. Qxc3 Kxf7 10. Qxa5 Nxe4 11. Qd5+ Be6 12. Qxe4 h6 13. Nc3 Be7 14. Re1 Qc8 15. Nd4 Bf6 16. Nxe6 Re8 17. Bf4 Rxe6 18. Qd5 c6 19. Qxe6+ Qxe6 20. Rxe6 Kxe6 21. Re1+ Kd7 22. Ne4 Be7 23. Nxd6 Rf8 24. Rxe7+ Kxe7 25. g3 Rxf4 26. Nc8+ Kd8 27. gxf4 Kxc8 28. Kg2 Kd7 29. Kf3 Ke6 30. Ke4 g6 31. h4 h5 32. b4 b6 33. a3 c5 34. bxc5 bxc5 35. a4 a5 36. f3 Kd6 37. f5 gxf5+ 38. Kxf5 Kd5 39. f4 c4 40. Kg6 c3 41. f5 c2 42. f6 c1=Q 43. f7 Qf4 44. Kg7 Ke6 45. f8=Q Qxf8+ 46. Kxf8 Kf5 47. Ke7 Kg4 0-1


[Site "https://www.chess.com"]

[Event "Titled Tuesday Blitz August 22 Late 2023"]
[White "Tinmaz, Kerem"]
[Black "Estrada Nieto, Julian"]
[WhiteFideId "44559151"]
[BlackFideId "5101018"]
[WhiteElo "2364"]
[BlackElo "2526"]
[Result "0-1"]
[Round "2"]
[TimeControl "180+1"]
[Date "2023.08.22"]
[WhiteClock "0:01:29"]
[BlackClock "0:02:42"]
[Board "152"]

1. e4 e5 2. Nf3 Nc6 3. Bb5 a6 4. Bxc6 dxc6 5. O-O Bg4 6. h3 Bh5 7. g4 Bg6 8. Nxe5 Qh4 9. Qf3 f6 10. Nxg6 hxg6 11. Kg2 Ne7 12. d3 g5 13. Be3 Ng6 14. Nd2 Qh7 15. Qe2 Qxh3+ 16. Kg1 Qh1# 0-1


[Site "https://www.chess.com"]

[Event "Titled Tuesday Blitz August 22 Late 2023"]
[White "Fernandez, Nelson Wilfredo"]
[Black "Labussiere, Yago"]
[WhiteFideId "8401594"]
[BlackFideId "2186969"]
[WhiteElo "2525"]
[BlackElo "2363"]
[Result "1-0"]
[Round "2"]
[TimeControl "180+1"]
[Date "2023.08.22"]
[WhiteClock "0:00:15"]
[BlackClock "0:00:00"]
[Board "153"]

1. d4 Nf6 2. c4 g6 3. Nc3 d6 4. e4 Bg7 5. Nf3 O-O 6. Be2 e5 7. d5 a5 8. Bg5 h6 9. Bh4 Na6 10. Nd2 Nc5 11. O-O Bd7 12. Rc1 Qe8 13. b3 Nh7 14. a3 f5 15. f3 h5 16. Bf2 Bh6 17. b4 axb4 18. axb4 Na4 19. c5 Nxc3 20. Rxc3 Ra2 21. Nc4 fxe4 22. fxe4 Qe7 23. cxd6 cxd6 24. Nb6 Qd8 25. Nxd7 Qxd7 26. b5 Nf6 27. Qd3 Ng4 28. Bb6 Rxf1+ 29. Bxf1 Qf7 30. h3 Nf6 31. Rc8+ Bf8 32. Qf3 Nd7 33. Qxf7+ Kxf7 34. Rc7 Ke8 35. Be3 b6 36. Rc8+ Kf7 37. Rc7 Ke8 38. Bg5 Be7 39. Be3 Ra4 40. Rc8+ Kf7 41. Rc7 Ke8 42. Kf2 Rxe4 43. Be2 Ra4 44. g4 hxg4 45. Bxg4 Ra2+ 46. Kf3 Nc5 47. Be6 Rb2 48. Rc8+ Bd8 49. Bg5 Nxe6 50. dxe6 e4+ 51. Kxe4 Rb4+ 52. Kd3 Rb3+ 53. Kc2 Rc3+ 54. Kxc3 1-0


[Site "https://www.chess.com"]

[Event "Titled Tuesday Blitz August 22 Late 2023"]
[White "Seresin, Francesco"]
[Black "Sreyas Payyappat"]
[WhiteFideId "886335"]
[BlackFideId "46674969"]
[WhiteElo "2360"]
[BlackElo "2525"]
[Result "1-0"]
[Round "2"]
[TimeControl "180+1"]
[Date "2023.08.22"]
[WhiteClock "0:01:51"]
[BlackClock "0:02:08"]
[Board "154"]

1. d4 Nf6 2. c4 c6 3. Nc3 d5 4. cxd5 cxd5 5. Bf4 Bf5 6. e3 e6 7. Qb3 Qd7 8. Nf3 Bd6 9. Bxd6 Qxd6 10. Qxb7 O-O 11. Qxa8 Qb6 12. Bb5 a6 13. Ba4 Qxb2 14. O-O Qc2 15. Bxc2 1-0


[Site "https://www.chess.com"]

[Event "Titled Tuesday Blitz August 22 Late 2023"]
[White "Bettalli, Francesco"]
[Black "Figorito, Nick"]
[WhiteFideId "2816453"]
[BlackFideId "30923689"]
[WhiteElo "2524"]
[BlackElo "2355"]
[Result "1/2-1/2"]
[Round "2"]
[TimeControl "180+1"]
[Date "2023.08.22"]
[WhiteClock "0:00:20"]
[BlackClock "0:00:09"]
[Board "155"]

1. e4 e6 2. Nf3 d5 3. e5 c5 4. a3 Nc6 5. b4 b6 6. c3 c4 7. d4 cxd3 8. Bxd3 Qc7 9. Qe2 Nge7 10. O-O Ng6 11. Re1 Be7 12. g3 O-O 13. h4 Rd8 14. Ng5 Ncxe5 15. Bf4 Bxg5 16. Bxg6 Bxf4 17. Bxh7+ Kxh7 18. gxf4 Ng6 19. f5 exf5 20. Qh5+ Kg8 21. Nd2 Nf4 22. Qf3 Be6 23. Rac1 Ng6 24. Qh5 Qf4 25. Nf3 Qg4+ 26. Qxg4 fxg4 27. Nd4 Nxh4 28. Nxe6 Nf3+ 29. Kf1 Nxe1 30. Nxd8 Rxd8 31. Rxe1 d4 32. Rd1 d3 33. Kg2 f5 34. Kg3 g5 35. f3 gxf3 36. Kxf3 d2 37. Ke2 Kf7 38. c4 Kf6 39. c5 bxc5 40. bxc5 f4 41. c6 g4 42. Kf2 Kf5 43. Ke2 Ke4 44. Rxd2 Rc8 45. Rc2 g3 46. Rc4+ Ke5 47. Kf3 Rg8 48. c7 g2 49. Rc1 Kd6 50. Kf2 Rc8 51. Kxg2 Rxc7 52. Rxc7 Kxc7 53. Kf3 Kb6 54. Kxf4 Ka5 55. Ke3 Ka4 56. Kd2 Kxa3 57. Kc1 Ka2 58. Kc2 a5 59. Kc1 a4 60. Kc2 Ka1 61. Kc1 a3 62. Kc2 Ka2 63. Kc1 Kb3 64. Kb1 a2+ 65. Ka1 Ka3 1/2-1/2


[Site "https://www.chess.com"]

[Event "Titled Tuesday Blitz August 22 Late 2023"]
[White "Lawson, Eric"]
[Black "KorolDimitriy75"]
[WhiteFideId "2604116"]
[WhiteElo "2522"]
[BlackElo "2353"]
[Result "1-0"]
[Round "2"]
[TimeControl "180+1"]
[Date "2023.08.22"]
[WhiteClock "0:00:15"]
[BlackClock "0:00:01"]
[Board "156"]

1. e4 c5 2. Nf3 d6 3. Bd3 g6 4. O-O Bg7 5. Re1 Nc6 6. c3 e5 7. Bc2 Nge7 8. d3 O-O 9. Nbd2 h6 10. Nc4 f5 11. exf5 Nxf5 12. a4 Kh7 13. Rb1 Be6 14. Ne3 Qd7 15. Bb3 Rf7 16. Bxe6 Qxe6 17. c4 Raf8 18. Nd5 Nfd4 19. Nxd4 Nxd4 20. Be3 Nf5 21. Qg4 h5 22. Qe4 Ne7 23. Nxe7 Qxe7 24. b4 b6 25. a5 Bh6 26. axb6 axb6 27. bxc5 bxc5 28. Bxh6 Kxh6 29. f3 Rf4 30. Qe3 Kh7 31. Rb6 R8f7 32. Reb1 Qf6 33. Rc6 Rd4 34. Rb8 Qf5 35. Rcc8 Qxd3 36. Rh8+ Kg7 37. Qh6+ Kf6 38. h4 Qd1+ 39. Kf2 Qd2+ 40. Qxd2 Rxd2+ 41. Kg3 Rc2 42. Rbd8 Ke6 43. Rhe8+ Re7 44. Rg8 Kf5 45. Rxd6 Rxc4 46. Rf8+ Rf7 47. Rxf7# 1-0


[Site "https://www.chess.com"]

[Event "Titled Tuesday Blitz August 22 Late 2023"]
[White "Battlecruiser_Operational"]
[Black "Real_taiatai"]
[WhiteElo "2352"]
[BlackElo "2520"]
[Result "1/2-1/2"]
[Round "2"]
[TimeControl "180+1"]
[Date "2023.08.22"]
[WhiteClock "0:00:04"]
[BlackClock "0:00:20"]
[Board "157"]

1. d4 Nf6 2. c4 g6 3. Nc3 Bg7 4. e4 d6 5. Nf3 O-O 6. Be2 Nbd7 7. O-O e5 8. Re1 Re8 9. Bf1 c6 10. Rb1 a5 11. b3 Qc7 12. a3 exd4 13. Nxd4 Nc5 14. f3 Nh5 15. Be3 Qe7 16. b4 axb4 17. axb4 Ne6 18. Qd2 Be5 19. g3 Qf6 20. Nce2 g5 21. Nf5 Neg7 22. g4 Nxf5 23. exf5 Nf4 24. Nxf4 gxf4 25. Bxf4 Bd7 26. Bxe5 Rxe5 27. Rxe5 Qxe5 28. Re1 Qf6 29. Rd1 d5 30. cxd5 cxd5 31. Qxd5 Bc6 32. Qd3 Ra2 33. Qd8+ Kg7 34. Qxf6+ Kxf6 35. Bg2 Rb2 36. Rd4 Ke5 37. Rc4 Kd5 38. Rc5+ Kd6 39. Rc4 Bd5 40. Rd4 Ke5 41. Rd1 Rxb4 42. f4+ Kxf4 43. Rxd5 Kxg4 44. h3+ Kg5 45. Kf2 Kf4 46. Rc5 f6 47. Rc3 Rb2+ 48. Kg1 Kxf5 49. Rf3+ Kg5 50. Rg3+ Kf4 51. Rg7 b5 52. Rxh7 b4 53. Rb7 b3 54. h4 Kg4 55. Rb4+ Kg3 56. Bf1 Rb1 57. Rc4 b2 58. Rb4 f5 59. h5 f4 60. h6 f3 61. Rb3 Ra1 62. h7 Ra8 63. Rxb2 Rh8 64. Rh2 f2+ 65. Kh1 Kf3 66. Rh3+ Kg4 67. Kg2 Kg5 68. Kxf2 Kf6 69. Bd3 Kg7 70. Kg3 Rf8 71. Be4 Re8 72. Kf4 Rf8+ 73. Bf5 Ra8 74. Kg5 Kh8 75. Kf6 Rf8+ 76. Kg5 Ra8 77. Rh6 Rb8 78. Rh4 Ra8 79. Rb4 Rc8 80. Rd4 Rf8 81. Rf4 Rf7 82. Re4 Rf8 83. Re7 Rb8 84. Rf7 Re8 85. Rd7 Rf8 86. Bg6 Rb8 87. Re7 Rb5+ 88. Kf6 Rb8 89. Re8+ Rxe8 90. Bxe8 Kxh7 1/2-1/2


[Site "https://www.chess.com"]

[Event "Titled Tuesday Blitz August 22 Late 2023"]
[White "Poltorak, Sebastian"]
[Black "Okike, David"]
[WhiteFideId "1199498"]
[BlackFideId "8500134"]
[WhiteElo "2518"]
[BlackElo "2352"]
[Result "1-0"]
[Round "2"]
[TimeControl "180+1"]
[Date "2023.08.22"]
[WhiteClock "0:00:16"]
[BlackClock "0:00:50"]
[Board "158"]

1. e4 c5 2. Nc3 Nc6 3. Bb5 e6 4. Bxc6 dxc6 5. d3 e5 6. Nge2 Nf6 7. O-O Bd6 8. f4 O-O 9. h3 b6 10. f5 Ba6 11. b3 Be7 12. Be3 Nd7 13. Qd2 Re8 14. g4 Nf8 15. g5 f6 16. h4 Qd6 17. Kh1 Rad8 18. Rg1 c4 19. bxc4 Bxc4 20. Rg2 Ba6 21. Rag1 Rd7 22. gxf6 Bxf6 23. Bg5 Ree7 24. Ng3 Kh8 25. Nh5 Bxg5 26. Qxg5 Rf7 27. Ne2 h6 28. Qe3 Nh7 29. Neg3 Qf8 30. Qf3 c5 31. Qg4 Bc8 32. Nf1 Rde7 33. Ne3 g5 34. Nd5 Rd7 35. hxg5 Nxg5 36. Rh2 Rxd5 37. exd5 Bxf5 38. Qg3 Qe7 39. Nf4 exf4 40. Qxg5 Qxg5 41. Rxg5 Kh7 42. Rg1 c4 43. Rd1 cxd3 44. cxd3 Bc8 45. d6 Rg7 46. Rf2 Bb7+ 47. Kh2 f3 48. Rc1 Kg6 49. Rg1+ Kf6 50. Rxg7 Kxg7 51. d7 1-0


[Site "https://www.chess.com"]

[Event "Titled Tuesday Blitz August 22 Late 2023"]
[White "Han, Yichen"]
[Black "Jaskolka, Tomasz"]
[WhiteFideId "1054430"]
[BlackFideId "1170791"]
[WhiteElo "2348"]
[BlackElo "2518"]
[Result "0-1"]
[Round "2"]
[TimeControl "180+1"]
[Date "2023.08.22"]
[WhiteClock "0:00:02"]
[BlackClock "0:00:34"]
[Board "159"]

1. Nf3 d5 2. g3 Nd7 3. d4 Nb6 4. Bg2 Nf6 5. O-O Bf5 6. b3 e6 7. c4 c6 8. Nbd2 h6 9. Bb2 Be7 10. a4 O-O 11. a5 Nbd7 12. Re1 Ne4 13. Nxe4 Bxe4 14. Qd2 Bf6 15. e3 Re8 16. Red1 h5 17. h4 g6 18. Ne1 Bxg2 19. Kxg2 Kg7 20. Nd3 Qe7 21. Ba3 Qd8 22. Bb2 Qc7 23. Rdc1 Rac8 24. b4 dxc4 25. Rxc4 e5 26. dxe5 Nxe5 27. Nxe5 Bxe5 28. Bxe5+ Qxe5 29. Rd1 b6 30. a6 Kg8 31. Qd6 Qb5 32. Rf4 Qxa6 33. Qf6 Qb7 34. Kh2 Qe7 35. Qc3 c5 36. b5 Rc7 37. Qc4 Qe6 38. Rd5 Rd7 39. Rxd7 Qxd7 40. Qb3 Re7 41. Rf6 Re6 42. Rf4 Qc7 43. Qc4 Re7 44. Rf6 Kg7 45. Rc6 Qe5 46. Rc8 Qf5 47. Qe2 Qxc8 48. Qb2+ f6 49. Qxf6+ Kxf6 0-1


[Site "https://www.chess.com"]

[Event "Titled Tuesday Blitz August 22 Late 2023"]
[White "rionelG"]
[Black "Ismayil, Malak"]
[BlackFideId "13412604"]
[WhiteElo "2344"]
[BlackElo "2516"]
[Result "0-1"]
[Round "2"]
[TimeControl "180+1"]
[Date "2023.08.22"]
[WhiteClock "0:00:04"]
[BlackClock "0:00:11"]
[Board "160"]

1. e4 e5 2. Nf3 Nc6 3. d4 exd4 4. Nxd4 Bc5 5. Nxc6 bxc6 6. Bd3 d6 7. O-O Nf6 8. Nc3 O-O 9. Bg5 h6 10. Bh4 Rb8 11. Kh1 Bd4 12. Rb1 Bxc3 13. bxc3 Rxb1 14. Qxb1 Qe7 15. f4 Qe6 16. Qb3 d5 17. e5 Nd7 18. Qa3 c5 19. Bg3 c4 20. Be2 Qf5 21. Qxa7 Qxc2 22. Bg4 Nb6 23. f5 Qd3 24. Re1 Bxf5 25. Bxf5 Qxf5 26. Qxc7 Qe6 27. Rb1 Na4 28. Qa5 Qc6 29. Rb6 Qxb6 0-1


[Site "https://www.chess.com"]

[Event "Titled Tuesday Blitz August 22 Late 2023"]
[White "Olenik Campa, Rudi"]
[Black "whiteglovethief"]
[WhiteFideId "14633264"]
[WhiteElo "2516"]
[BlackElo "2344"]
[Result "0-1"]
[Round "2"]
[TimeControl "180+1"]
[Date "2023.08.22"]
[WhiteClock "0:01:28"]
[BlackClock "0:00:36"]
[Board "161"]

1. e4 e6 2. d4 d5 3. exd5 exd5 4. Bd3 Bd6 5. Qf3 Nf6 6. h3 Qe7+ 7. Ne2 Ne4 8. Nbc3 Nxc3 9. bxc3 c6 10. O-O O-O 11. Ng3 Bxg3 12. Qxg3 Nd7 13. Bg5 f6 14. Rfe1 Qf7 15. Bf4 Re8 16. Qh4 g6 17. Qg3 Nf8 18. h4 Ne6 19. Bd2 Bd7 20. h5 g5 21. h6 Kh8 22. c4 Rad8 23. cxd5 cxd5 24. c4 Nxd4 25. Bc3 dxc4 26. Bxd4 cxd3 27. Qxg5 Rf8 28. Re3 d2 29. Rg3 Ba4 30. Qg6 Qxg6 0-1


[Site "https://www.chess.com"]

[Event "Titled Tuesday Blitz August 22 Late 2023"]
[White "Gurevich, Dmitry"]
[Black "Harish, Neeraj"]
[WhiteFideId "2000407"]
[BlackFideId "30958130"]
[WhiteElo "2514"]
[BlackElo "2340"]
[Result "1-0"]
[Round "2"]
[TimeControl "180+1"]
[Date "2023.08.22"]
[WhiteClock "0:02:15"]
[BlackClock "0:00:54"]
[Board "162"]

1. d4 Nf6 2. c4 e6 3. Nf3 d5 4. Nc3 h6 5. e3 Bd6 6. b3 O-O 7. Bb2 b6 8. cxd5 exd5 9. Bd3 Ba6 10. Bxa6 Nxa6 11. O-O c6 12. Ne5 Bxe5 13. dxe5 Nd7 14. e4 dxe4 15. Nxe4 Nac5 16. Nd6 Qe7 17. f4 Rad8 18. Qg4 Kh7 19. Nf5 1-0


[Site "https://www.chess.com"]

[Event "Titled Tuesday Blitz August 22 Late 2023"]
[White "Martinez, Shawn"]
[Black "arenal72"]
[WhiteFideId "2039770"]
[WhiteElo "2334"]
[BlackElo "2514"]
[Result "0-1"]
[Round "2"]
[TimeControl "180+1"]
[Date "2023.08.22"]
[WhiteClock "0:01:57"]
[BlackClock "0:02:27"]
[Board "163"]

1. e4 Nc6 2. d4 d5 3. e5 Bf5 4. c3 Qd7 5. Bd3 f6 6. Nf3 O-O-O 7. O-O g5 8. b4 h5 9. exf6 exf6 10. b5 Na5 11. Ba3 Bxa3 12. Nxa3 h4 13. Re1 g4 14. Bxf5 Qxf5 15. Nd2 Nh6 16. Nc2 g3 17. fxg3 hxg3 18. h3 Qf2+ 19. Kh1 Nf5 20. Qe2 Rxh3+ 21. gxh3 g2+ 22. Kh2 g1=Q# 0-1


[Site "https://www.chess.com"]